 Dungeon Crawl Stone Soup version 0.30-a0-913-g9934a0ce24 (webtiles) character file.

Game seed: 12977518377344030940

223 dialectric the Covert (level 6, -15/39 HPs)
             Began as an Octopode Brigand on Mar 19, 2023.
             Demolished by an ogre
             ... wielding a +0 giant club
              (37 damage)
             ... on level 4 of the Dungeon.
             The game lasted 00:03:54 (2878 turns).

dialectric the Covert (Octopode Brigand)            Turns: 2878, Time: 00:03:55

Health: -15/39     AC:  1    Str: 10    XL:     6   Next: 0%
Magic:  6/6        EV: 13    Int: 14    God:
Gold:   152        SH:  0    Dex: 15    Spells: 2/5 levels left

rFire   . . .      SeeInvis .    a - +2 dagger
rCold   . . .      Faith    .    (no shield)
rNeg    + . .      Spirit   .    (helmet restricted)
rPois   .          Reflect  .    (no amulet)
rElec   .          Rampage  .    l - ring of positive energy
rCorr   .                        (no ring)
Will    .....                    (no ring)
Stlth   +++++                    (no ring)
HPRegen 0.26/turn                (no ring)
MPRegen 0.10/turn                (no ring)
                                 (no ring)
                                 (no ring)

@: no status effects
A: almost no armour, amphibious, 8 rings, camouflage 1, gelatinous body 1,
(nimble swimmer 1), tentacles
a: no special abilities


You were on level 4 of the Dungeon.
You visited 1 branch of the dungeon, and saw 4 of its levels.

You collected 152 gold pieces.

Inventory:

Hand Weapons
 a - a +2 dagger (weapon)
Missiles
 b - 11 poisoned darts (quivered)
 c - 3 curare-tipped darts
 p - 3 boomerangs
Jewellery
 l - a ring of positive energy (left tentacle)
 r - a ring of flight
Wands
 h - a wand of charming (7)
 q - a wand of digging (9)
 s - a wand of polymorph (9)
Scrolls
 d - 2 scrolls of teleportation {unknown}
 k - 3 scrolls of enchant weapon {unknown}
 m - a scroll of vulnerability {unknown}
 o - a scroll of identify {unknown}
Potions
 e - a potion of haste
 f - a potion of curing
 g - a potion of heal wounds {unknown}
 i - a potion of might {unknown}
 j - a potion of degeneration {unknown}
 n - a potion of cancellation {unknown}


   Skills:
 + Level 2.0 Fighting
 + Level 2.8 Short Blades
 - Level 2.0 Throwing
 * Level 1.6 Dodging
 - Level 9.0 Stealth


You had 2 spell levels left.
You knew the following spells:

 Your Spells              Type           Power      Damage    Failure   Level
a - Confusing Touch       Hex            0%         N/A       65%         3

Your spell library contained the following spells:

 Spells                   Type           Power      Damage    Failure   Level
 Kiss of Death            Conj/Necr      0%         2d5       28%         1
 Cigotuvi's Dreadful Rot  Necr/Pois/Air  0%         N/A       41%         2
 Poisonous Vapours        Pois/Air       0%         N/A       41%         2
 Dazzling Flash           Conj/Hex       0%         N/A       65%         3
 Ignite Poison            Fire/Tmut/Pois 0%         N/A       65%         3
 Kindle Blastsparks       Fire/Tloc/Air  0%         2d10      65%         3
 Mephitic Cloud           Conj/Pois/Air  0%         N/A       65%         3
 Dispel Undead            Necr           0%         3d6       96%         4
 Iskenderun's Mystic Bla  Conj/Tloc      0%         2d3       96%         4
 Freezing Cloud           Conj/Ice/Air   0%         6-21      100%        5
 Starburst                Conj/Fire      0%         6d3       100%        6


Dungeon Overview and Level Annotations

Branches:
Dungeon (4/15)
 Temple: D:4-7

Altars:
Ashenzari


Innate Abilities, Weirdness & Mutations

You cannot wear most types of armour.
You are amphibious.
You can wear up to eight rings at the same time.
Your skin changes colour to match your surroundings (Stealth+).
Your rubbery body absorbs attacks. (AC +1, EV +1)
((You are camouflaged when in or above water. (Stealth+)))
You have tentacles for arms and can constrict up to eight enemies at once.


Message History

You hit the ufetubus but do no damage. You squeeze the ufetubus.
You kill the ufetubus!
You have reached level 6!
You open the door.
An ogre comes into view. It is wielding a +0 giant club.
The ogre shouts!
An adder comes into view.
There are monsters nearby!
There is an open door here.
There are monsters nearby!
There are monsters nearby!
A scorpion comes into view.
The ogre misses you.
The adder hisses angrily.
You hit the ogre.
The ogre is lightly wounded.
There is an open door here.
The ogre attacks as you move away!
The ogre hits you with a +0 giant club!!
Throw: 14 darts (poison)
Press: ? - help, Q - select action, (/) - cycle Shift-Dir - straight line, f - ogre
Aim: an ogre, wielding a +0 giant club (lightly wounded, 75% to hit)
You throw a poisoned dart. The poisoned dart hits the ogre.
The ogre is lightly wounded.
The ogre closely misses you.
Unknown command.
Throw: 13 darts (poison)
Press: ? - help, Q - select action, (/) - cycle Shift-Dir - straight line, f/p - ogre
Aim: an ogre, wielding a +0 giant club (lightly wounded, 75% to hit)
You throw a poisoned dart. The poisoned dart hits the ogre.
The ogre is lightly wounded.
Throw: 12 darts (poison)
Press: ? - help, Q - select action, (/) - cycle Shift-Dir - straight line, f/p - ogre
Aim: an ogre, wielding a +0 giant club (lightly wounded, 75% to hit)
You throw a poisoned dart. The poisoned dart hits the ogre.
The ogre is poisoned.
The ogre is lightly wounded.
The ogre hits you with a +0 giant club!!!
Ouch! That really hurt!
You die...

.###+#.... .# #.#.### .#
...### #### .#
#...######..#....# ##
#........#..#....#
####+##........#..#....#
...............#..+....#
.........##..###..#....#####
###..##..##..###@.#.........
# #..##.......#..O#.........
..#...#.......#...S.........
..#...#..##'####..#.........
..#...#..##..####'####....##
..#...#...#..........#....#
#...# #..........# ...#
#..## #...##.....+ ...#
#...##..##+# ..#


You could see an ogre (poisoned) and an adder.

Vanquished Creatures
  Jessica (D:3)
  10 adders
  An ufetubus (D:4)
  3 worms (D:2)
  A dart slug (D:3)
  10 orcs
  7 endoplasms
  4 giant cockroaches
  3 goblins
  5 hobgoblins
  8 jackals
  5 kobolds
  3 quokkas
  10 ball pythons
  3 bats
  2 frilled lizards (D:2)
  7 rats
83 creatures vanquished.

Vanquished Creatures (others)
  8 fungi (D:3)
  5 plants (D:3)
13 creatures vanquished.

Grand Total: 96 creatures vanquished

Notes
Turn   | Place    | Note
-------+----------+-------------------------------------------
     0 | D:1      | dialectric the Octopode Brigand began the quest for the
                  | Orb.
     0 | D:1      | Reached XP level 1. HP: 14/14 MP: 1/1
    62 | D:1      | Reached XP level 2. HP: 8/19 MP: 2/2
   139 | D:1      | Reached skill level 6 in Stealth
   438 | D:1      | Reached XP level 3. HP: 9/24 MP: 3/3
   739 | D:2      | Reached skill level 7 in Stealth
   782 | D:2      | Reached XP level 4. HP: 13/29 MP: 4/4
   912 | D:2      | Found a broken altar of Ashenzari.
  1267 | D:2      | Reached skill level 8 in Stealth
  1346 | D:2      | Reached XP level 5. HP: 27/34 MP: 5/5
  2101 | D:3      | Found a faded altar of an unknown god.
  2178 | D:3      | Noticed Jessica
  2189 | D:3      | Killed Jessica
  2571 | D:3      | Reached skill level 9 in Stealth
  2832 | D:4      | Learned a level 3 spell: Confusing Touch
  2867 | D:4      | Reached XP level 6. HP: 39/39 MP: 6/6
  2878 | D:4      | Demolished by an ogre

Illustrated notes

Levels and vault maps discovered:
D:1:      dpeg_arrival_simpleton_c, layout_basic
D:2:      layout_basic, basic_altar, minmay_tall_x
D:3:      layout_loops_corners, dreamdust_ecumenical_altar_grove,
          reono_crystal_passage, uniq_jessica
D:4:      cheibrodos_helix_gallery, layout_gridville, serial_shops,
          nicolae_take_the_stairs

Skill      XL: |  1  2  3  4  5 |
---------------+----------------+-----
Stealth        | 6 7 8 9 |  9.0
Fighting       | |  2.0
Short Blades   | |  2.8
Throwing       | |  2.0
Dodging        | |  1.6

Action                     |  1- 3 |  4- 6 || total
---------------------------+-------+-------++-------
  Melee: Dagger            |    60 |    82 ||   142
         Constrict         |    10 |    16 ||    26
         Tentacles         |     6 |    14 ||    20
  Throw: Dart              |       |     7 ||     7
    Use: Scroll            |       |     1 ||     1
         Potion            |       |     1 ||     1
   Stab: Sleeping          |    16 |    21 ||    37
         Distracted        |       |     1 ||     1
 Armour: Skin              |       |     4 ||     4
  Dodge: Dodged            |    30 |    39 ||    69

Table legend: (Time is in decaauts)
 A = Elapsed time spent in this place.
 B = Non-inter-level travel time spent in this place.
 C = Inter-level travel time spent in this place.
 D = Time resting spent in this place.
 E = Time spent auto-exploring this place.
 F = Levels seen in this place.
 G = Mean time per level.
                   A        B        C        D        E       F      G
               +--------+--------+--------+--------+--------+-----+--------+
         Total |   2860 |   2646 |    214 |     90 |   1935 |   4 |  715.0 |
       Dungeon |   2860 |   2646 |    214 |     90 |   1935 |   4 |  715.0 |
               +--------+--------+--------+--------+--------+-----+--------+

Top non-repeatable levels by time:
     D:3: 1081 daAuts
     D:2: 1026 daAuts
     D:1: 649 daAuts
     D:4: 103 daAuts
